 Dungeon Crawl Stone Soup version 0.26-a0-660-gc07710193c (webtiles) character file.

Game seed: 1198292136829088284

20510 robertstho the Severer (level 12, 0/110 HPs)
             Began as a Minotaur Berserker on Oct 6, 2020.
             Was the Champion of Trog.
             Succumbed to a meliai's poison
             ... on level 13 of the Dungeon.
             The game lasted 00:18:07 (12245 turns).

robertstho the Severer (Minotaur Berserker)        Turns: 12245, Time: 00:18:07

Health: 0/110      AC: 26    Str: 25    XL:     12   Next: 46%
Magic:  2/11       EV:  9    Int:  5    God:    Trog [******]
Gold:   329        SH: 10    Dex: 11    Spells: 11/11 levels left

rFire    + . .     SeeInvis +   m - +2 war axe of the Puffball {elec, rF+}
rCold    . . .     Faith    .   I - +0 kite shield (curse)
rNeg     . . .     Spirit   +   G - +0 plate armour (curse)
rPois    .         Reflect  .   (helmet restricted)
rElec    .         Harm     .   k - +0 cloak
rCorr    .         Rampage  .   E - +2 pair of gloves
MR       +....                  g - +1 pair of boots
Stlth    ..........             c - amulet of guardian spirit
HPRegen  0.28/turn              o - +4 ring of protection
MPRegen  0.12/turn              r - ring of see invisible

@: lethally poisoned (0 -> -3), berserk cooldown, slowed, very slow
A: retaliatory headbutt, horns 2, magic resistance 1
a: Berserk, Trog's Hand, Brothers in Arms, Renounce Religion


You were on level 13 of the Dungeon.
You worshipped Trog.
Trog was exalted by your worship.
You visited 1 branch of the dungeon, and saw 13 of its levels.
You visited the Abyss 1 time.
You also visited: Sewer.

You collected 639 gold pieces.
You spent 310 gold pieces at shops.

Inventory:

Hand Weapons
 l - a +4 quarterstaff of chaos
 m - the +2 war axe of the Puffball (weapon) {elec, rF+}
   (You found it on level 3 of the Dungeon)

   Occasionally, upon striking a foe, it will discharge some electrical energy
   and cause terrible harm.
   It protects you from fire.
 p - a +0 morningstar
 t - the +5 great mace of Equivalence {chaos, *Rage Str+2 Dex+9 Stlth+, unknown}
   (You found it on level 4 of the Dungeon)

   Each time it hits an enemy it has a different, random effect.
   It affects your strength (+2).
   It affects your dexterity (+9).
   It may make you go berserk in combat.
   It makes you more stealthy.
 H - a +4 battleaxe
 L - a +3 battleaxe
 M - a +3 battleaxe of flaming
 T - the +11 dire flail of the Boiling Point {freeze, *Drain rF+ rC+ Dex+4}
   (You took it off an orc on level 11 of the Dungeon)

   It has been specially enchanted to freeze those struck by it, causing extra
   injury to most foes and up to half again as much damage against particularly
   susceptible opponents.
   It can also slow down cold-blooded creatures.
   It affects your dexterity (+4).
   It protects you from fire.
   It protects you from cold.
   It causes draining when unequipped.
Armour
 g - a +1 pair of boots (worn)
 k - a +0 cloak (worn)
 E - a +2 pair of gloves (worn)
 G - a cursed +0 plate armour (worn)
 I - a cursed +0 kite shield (worn)
 P - the +4 tower shield of the Harp {Dex+2 Slay+2}
   (You took it off a daeva on level 1 of the Abyss)

   It affects your dexterity (+2).
   It affects your accuracy and damage with ranged weapons and melee attacks
   (+2).
Jewellery
 c - an amulet of guardian spirit (around neck)
 i - an uncursed ring of magical power
 o - a +4 ring of protection (left hand)
 r - a ring of see invisible (right hand)
 v - an uncursed ring of protection from fire
 Q - an uncursed amulet of magic regeneration {unknown}
 U - a cursed ring of attention {unknown}
 V - an uncursed ring of flight {unknown}
 X - an uncursed amulet of faith {unknown}
 Y - a cursed amulet of inaccuracy {unknown}
Wands
 d - a wand of iceblast (28)
 y - a wand of polymorph (8)
 F - a wand of acid (5)
 W - a wand of digging (6)
Scrolls
 b - 6 scrolls of teleportation
 f - a scroll of remove curse
 j - 4 scrolls of fear
 s - 3 scrolls of amnesia {unknown}
 u - a scroll of noise {unknown}
 w - 2 scrolls of fog
 A - 4 scrolls of magic mapping
 K - 2 scrolls of enchant weapon
 R - a scroll of enchant armour
 S - 2 scrolls of identify
Potions
 a - 2 potions of stabbing
 e - 2 potions of heal wounds
 h - 2 potions of mutation
 n - 2 potions of lignification
 q - 2 potions of haste
 x - 3 potions of might
 z - 2 potions of invisibility
 B - a potion of magic
 C - 2 potions of curing
 D - 2 potions of resistance
 J - 2 potions of brilliance
 N - a potion of flight
 O - 2 potions of cancellation


   Skills:
 * Level 11.0 Fighting
 * Level 15.9 Axes
 * Level 11.6 Armour
 * Level 8.5 Dodging
 + Level 0.4 Stealth
 + Level 5.5 Shields


You had 11 spell levels left.
You didn't know any spells.
Your spell library was empty.

Dungeon Overview and Level Annotations

Branches:
Dungeon (13/15)            Temple (0/1) D:6            Lair (0/6) D:9
    Orc (0/2) D:11          Sewer (visited)
 Vaults: D:13-14

Altars:
Ashenzari
Cheibriados
Dithmenos
Gozag
Makhleb
Nemelex Xobeh
Sif Muna
Uskayaw
Beogh
Lugonu

Shops:
D:8 *   D:9 !

Annotations:
D:8 2 transporters, 1 runed translucent door, miket3c's ghost, novice DrFE


Innate Abilities, Weirdness & Mutations

You reflexively headbutt those who attack you in melee.
You have a pair of horns on your head.
You are resistant to hostile enchantments. (MR+)


Message History

The cyclops shouts!
You hear a bellow!
A troll comes into view.
The cyclops throws a large rock.
You block the large rock.
You hear a bellow!
You feel sick. You block the wyvern's attack.
The cyclops throws a large rock.
The large rock hits you!
You see here a large rock.
A yak comes into view.
You feel sick.
The yak bellows!
You hear a bellow!
The wyvern bites you!
* * * LOW HITPOINT WARNING * * *
The wyvern bites you!
* * * LOW HITPOINT WARNING * * *
You feel sick.
The cyclops throws a large rock.
The large rock hits you!!
* * * LOW HITPOINT WARNING * * *
The wyvern bites you but does no damage.
A yak comes into view.
You see here a large rock.
You die...

#. #.# #.. #.######
##..#######.......
..................
......?..........T
#.=...))(.##.#
#.###.).(.##.#
........†..l##.##.#
....###..YY.(@<...#
.Y #......######
#.Y....# YY...C..#
###..#...#
....#...# #####..(#
....#


You could see a cyclops, 4 yaks and a wyvern.

Vanquished Creatures
  A tentacled starspawn (Abyss:1)
  A daeva (Abyss:1)
  Erolcha (D:10)
  3 two-headed ogres
  An orc knight (D:12)
  2 cyclopes (D:12)
  2 centaur zombies
  Joseph (D:8)
  3 meliai (D:13)
  3 trolls
  2 raiju (Abyss:1)
  Grinder (D:5)
  A wyvern (D:11)
  A water elemental (D:12)
  3 small abominations (Abyss:1)
  2 yaks (D:13)
  2 wraiths (D:10)
  Grum (D:8)
  A neqoxec (Abyss:1)
  Menkaure (D:4)
  Duvessa (D:4)
  6 ice beasts
  2 water moccasins (D:9)
  2 sky beasts (D:6)
  13 orc warriors
  6 black bears
  4 ogres
  An eye of draining (D:11)
  4 phantoms
  2 necrophages
  3 wolves (D:8)
  8 centaurs
  2 big kobolds
  13 bullfrogs
  Dowan (D:4)
  2 wyvern skeletons
  A water moccasin skeleton (D:8)
  4 scorpions
  3 killer bees (D:12)
  8 wights
  3 electric eels (D:11)
  2 howler monkeys
  A bullfrog zombie (D:10)
  3 quasits
  5 hounds
  11 orc priests
  2 bullfrog skeletons
  2 jellies
  Crazy Yiuf (D:2)
  2 centaur skeletons (D:5)
  4 iguanas
  Ijyb (D:3)
  18 orc wizards
  17 worker ants
  The ghost of elmdor the Ruffian, a weakling TrDe (D:4)
  2 hound skeletons
  Robin (D:3)
  2 worker ant zombies
  4 gnolls (D:5)
  14 adders
  A river rat (D:6)
  2 shadow imps (D:8)
  4 white imps
  2 ufetubi
  2 oozes (D:2)
  3 worms
  5 dart slugs
  4 leopard geckos
  62 orcs
  3 ball pythons
  5 giant cockroaches
  20 goblins
  12 hobgoblins
  12 jackals
  5 quokkas
  8 bats
  12 frilled lizards
  A jackal skeleton (D:4)
  21 kobolds
  2 leopard gecko skeletons
  A quokka skeleton (D:6)
  2 quokka zombies
  16 rats
  A starspawn tentacle (Abyss:1)
421 creatures vanquished.

Vanquished Creatures (collateral kills)
  A hydra (D:11)
  A large abomination (Abyss:1)
  A small abomination (Abyss:1)
3 creatures vanquished.

Vanquished Creatures (others)
  7 fungi (D:9)
  24 plants
  3 starspawn tentacles (Abyss:1)
34 creatures vanquished.

Grand Total: 458 creatures vanquished

Notes
Turn   | Place    | Note
-------+----------+-------------------------------------------
     0 | D:1      | robertstho the Minotaur Berserker began the quest for the
                  | Orb.
     0 | D:1      | Reached XP level 1. HP: 19/19 MP: 0/0
   179 | D:1      | Reached skill level 4 in Axes
   179 | D:1      | Reached XP level 2. HP: 27/27 MP: 1/1
   510 | D:1      | Reached XP level 3. HP: 33/33 MP: 2/2
   753 | D:1      | Reached ** piety under Trog
  1141 | D:2      | Reached skill level 5 in Axes
  1265 | D:2      | Reached XP level 4. HP: 40/40 MP: 3/3
  1492 | D:2      | Found a runed translucent door.
  1493 | D:2      | Noticed Crazy Yiuf
  1876 | D:2      | Killed Crazy Yiuf
  1976 | D:3      | Got a masterwork war axe
  1976 | D:3      | Identified the +2 war axe of the Puffball {elec, rF+} (You
                  | found it on level 3 of the Dungeon)
  2078 | D:3      | Noticed Robin
  2080 | D:3      | Noticed Ijyb
  2082 | D:3      | Reached XP level 5. HP: 47/47 MP: 4/4
  2084 | D:3      | Reached *** piety under Trog
  2086 | D:3      | Killed Robin
  2094 | D:3      | Killed Ijyb
  2849 | D:4      | Noticed Duvessa
  2849 | D:4      | Noticed Dowan
  2851 | D:4      | Reached skill level 6 in Axes
  2858 | D:4      | Killed Duvessa
  2858 | D:4      | Reached skill level 5 in Fighting
  2858 | D:4      | Reached XP level 6. HP: 56/56 MP: 5/5
  2876 | D:4      | Killed Dowan
  2925 | D:4      | Noticed an ice beast
  2931 | D:4      | Killed an ice beast
  2931 | D:4      | Reached skill level 7 in Axes
  2931 | D:4      | Reached skill level 5 in Armour
  2931 | D:4      | Reached XP level 7. HP: 50/61 MP: 6/6
  3020 | D:4      | Found a runed translucent door.
  3149 | D:4      | Noticed Menkaure
  3154 | D:4      | Killed Menkaure
  3159 | D:4      | Noticed elmdor's ghost (weakling TrDe)
  3568 | D:4      | Got a steaming great mace
  3907 | D:4      | Killed elmdor's ghost
  3907 | D:4      | Reached skill level 8 in Axes
  3927 | D:5      | Entered Level 5 of the Dungeon
  3937 | D:5      | Found a snail-covered altar of Cheibriados.
  3939 | D:5      | Found a shimmering blue altar of Sif Muna.
  4014 | D:5      | Found a sparkling altar of Nemelex Xobeh.
  4024 | D:5      | Reached **** piety under Trog
  4055 | D:5      | Reached XP level 8. HP: 69/69 MP: 7/7
  4307 | D:5      | Reached skill level 9 in Axes
  4474 | D:5      | Found a broken altar of Ashenzari.
  4525 | D:5      | Noticed Grinder
  4525 | D:5      | Paralysed by Grinder for 3 turns
  4531 | D:5      | Paralysed by Grinder for 4 turns
  4536 | D:5      | Killed Grinder
  4691 | D:6      | Found a glowing drain.
  4708 | Sewer    | Entered a sewer
  5004 | Sewer    | Reached ***** piety under Trog
  5541 | D:6      | Identified the +3 leather armour of Ydghetre {rC+ Int+4}
  5549 | D:6      | Reached skill level 10 in Axes
  5661 | D:6      | Reached XP level 9. HP: 70/78 MP: 8/8
  5826 | D:6      | Found a staircase to the Ecumenical Temple.
  6528 | D:7      | Reached skill level 5 in Dodging
  6841 | D:7      | Found an opulent altar of Gozag.
  6841 | D:7      | Noticed a two-headed ogre
  6842 | D:7      | Found a sparkling altar of Nemelex Xobeh.
  6847 | D:7      | Killed a two-headed ogre
  6847 | D:7      | Reached skill level 11 in Axes
  7183 | D:7      | Found a burning altar of Makhleb.
  7479 | D:8      | Found a transporter.
  7481 | D:8      | Noticed a red ugly thing
  7481 | D:8      | Noticed a brown ugly thing
  7481 | D:8      | Noticed a purple ugly thing
  7482 | D:8      | Noticed a white ugly thing
  7483 | D:8      | Found a corrupted altar of Lugonu.
  7590 | D:8      | Found a runed translucent door.
  7590 | D:8      | Noticed miket3c's ghost (novice DrFE)
  7596 | D:8      | Noticed Grum
  7601 | D:8      | Reached XP level 10. HP: 83/86 MP: 9/9
  7603 | D:8      | Reached skill level 12 in Axes
  7609 | D:8      | Killed Grum
  7673 | D:8      | Noticed Joseph
  7682 | D:8      | Killed Joseph
  7699 | D:8      | Found Veck's General Store.
  7743 | D:8      | Bought a scroll of identify for 28 gold pieces
  7743 | D:8      | Bought a potion of brilliance for 56 gold pieces
  7743 | D:8      | Bought a scroll of enchant weapon for 105 gold pieces
  7753 | D:8      | Received a gift from Trog
  7801 | D:8      | Found a hide-covered altar of Uskayaw.
  7864 | D:8      | Found a transporter.
  8054 | D:9      | Found a shadowy altar of Dithmenos.
  8066 | D:9      | Reached skill level 1 in Shields
  8067 | D:9      | Reached skill level 10 in Armour
  8096 | D:9      | Reached skill level 13 in Axes
  8336 | D:9      | Found Ikkaji's Distillery.
  8345 | D:9      | Bought a potion of flight for 33 gold pieces
  8345 | D:9      | Bought a potion of cancellation for 88 gold pieces
  8545 | D:9      | Found a staircase to the Lair.
  8927 | D:10     | Entered Level 10 of the Dungeon
  9256 | D:10     | Reached XP level 11. HP: 91/95 MP: 10/10
  9416 | D:10     | Noticed Erolcha
  9424 | D:10     | Cast into level 1 of the Abyss (Erolcha)
  9487 | Abyss:1  | Identified the +4 tower shield of the Harp {Dex+2 Slay+2}
  9487 | Abyss:1  | Noticed a daeva
  9522 | Abyss:1  | Killed a daeva
  9582 | Abyss:1  | Gained mutation: You are resistant to hostile enchantments.
                  | (MR+) [a neqoxec]
  9584 | Abyss:1  | Reached skill level 14 in Axes
  9591 | Abyss:1  | Noticed a tentacled starspawn
  9601 | Abyss:1  | Killed a tentacled starspawn
  9603 | D:10     | Escaped the Abyss
  9637 | D:10     | Killed Erolcha
  9901 | D:10     | Reached ****** piety under Trog
 10115 | D:11     | Reached skill level 10 in Fighting
 10134 | D:11     | Received a gift from Trog
 10460 | D:11     | Reached skill level 15 in Axes
 10785 | D:11     | Found a staircase to the Orcish Mines.
 10802 | D:11     | Found a roughly hewn altar of Beogh.
 10808 | D:11     | Identified the +11 dire flail of the Boiling Point {freeze,
                  | *Drain rF+ rC+ Dex+4}
 11081 | D:11     | Noticed a six-headed hydra
 11086 | D:11     | Killed a five-headed hydra
 11086 | D:11     | Reached XP level 12. HP: 107/107 MP: 11/11
 11244 | D:12     | Reached skill level 5 in Shields
 11854 | D:12     | Noticed a two-headed ogre
 11863 | D:12     | Killed a two-headed ogre
 11888 | D:12     | Noticed a two-headed ogre
 11893 | D:12     | Killed a two-headed ogre
 12244 | D:13     | HP: 1/110 [cyclops/large rock (22)]
 12245 | D:13     | Succumbed to a meliai's poison

Illustrated notes

Levels and vault maps discovered:
D:1:      kilobyte_arrival_exit_the_forest, layout_basic,
          corexii_item_surrounded_by_moat, chequers_jeans, st_stairs_10
D:2:      layout_basic, minivault_23, uniq_crazy_yiuf_cottage
D:3:      layout_loops_ring, minmay_checkerbox, uniq_robin, uniq_ijyb
D:4:      layout_basic, gammafunk_ghost_grave, minmay_cupped, uniq_duvessa,
          uniq_menkaure
D:5:      layout_loops_ring, marbit_many_paths,
          chequers_temple_overflow_statue_of_worship, minmay_misc_feat_columns,
          nemelex_xobeh_ov_fountains_minmay, uniq_grinder
D:6:      layout_gridville, minmay_temple_entry_statues_pillars,
          portal_sewer_entry_b, kennysheep_crisscross
D:7:      layout_loops_ring, grunt_temple_overflow_opulence, lemuel_round_altar,
          kennysheep_generic_room_4
D:8:      gammafunk_corrupted_shrine, layout_layer_cave,
          eat_drink_and_be_merry_uskayaw, hellmonk_ghost_happy_afterlife,
          serial_shops, nicolae_shop_crystal, uniq_joseph, uniq_grum
D:9:      layout_layer_cave, due_lair_maze_entry_diamond, serial_shops, shop,
          hex_tiny, minivault_27, lemuel_tele_altar
D:10:     layout_loops_corners, uniq_erolcha
D:11:     layout_basic, minmay_orc_entry_temple_small
D:12:     layout_irregular_city, minivault_5, roderic_lattice_a,
          lightli_minifort
D:13:     layout_basic, skrybe_vaults_entry_preservation, serial_shops,
          shop_statue, st_stairs_9, minmay_misc_feat_cross,
          minmay_misc_feat_pillars, hangedman_tell_no_tales

Skill      XL: |  1  2  3  4  5  6  7  8  9 10 11 12 |
---------------+-------------------------------------+-----
Axes           | 4 5 6 7 8 10 11 13 15 | 15.9
Fighting       | 4 5 6 7 8 10 11 | 11.0
Armour         | 3 4 5 6 7 9 10 11 | 11.6
Dodging        | 3 4 6 7 8 |  8.5
Shields        | 2 4 5 |  5.5
Stealth        | |  0.4

Action                   |  1- 3 |  4- 6 |  7- 9 | 10-12 || total
-------------------------+-------+-------+-------+-------++-------
Melee: Hand axe          |    91 |    29 |       |       ||   120
       Headbutt          |    10 |    12 |    40 |    95 ||   157
       War axe           |       |    49 |   266 |   460 ||   775
Invok: Berserk           |       |     4 |     3 |     7 ||    14
       Brothers in Arms  |       |       |       |     3 ||     3
       Trog's Hand       |       |       |       |     1 ||     1
Evoke: Wand              |       |       |       |     2 ||     2
  Use: Scroll            |       |     9 |     7 |     2 ||    18
       Potion            |       |       |       |     1 ||     1
Armor: Animal skin       |     3 |       |       |       ||     3
       Chain mail        |    24 |    42 |    80 |       ||   146
       Plate armour      |       |       |    42 |   198 ||   240
Dodge: Dodged            |    47 |    41 |    94 |   107 ||   289
Block: Kite shield       |       |       |    11 |   188 ||   199

Table legend: (Time is in decaauts)
 A = Elapsed time spent in this place.
 B = Non-inter-level travel time spent in this place.
 C = Inter-level travel time spent in this place.
 D = Time resting spent in this place.
 E = Time spent auto-exploring this place.
 F = Levels seen in this place.
 G = Mean time per level.
                   A        B        C        D        E       F      G
               +--------+--------+--------+--------+--------+-----+--------+
         Total |  12486 |  12136 |    350 |     78 |   9919 |  15 |  832.4 |
       Dungeon |  11446 |  11096 |    350 |     33 |   9228 |  13 |  880.5 |
         Abyss |    176 |    176 |      0 |     45 |     51 |   1 |  176.0 |
         Sewer |    863 |    863 |      0 |      0 |    640 |   1 |  863.0 |
               +--------+--------+--------+--------+--------+-----+--------+

Top non-repeatable levels by time:
     D:4: 1104 daAuts
    D:11: 1080 daAuts
     D:1: 1045 daAuts
     D:7: 1039 daAuts
    D:12: 1035 daAuts
    D:10: 970 daAuts
     D:3: 941 daAuts
     D:9: 940 daAuts
     D:2: 908 daAuts
     D:6: 877 daAuts
   Sewer: 863 daAuts
     D:5: 750 daAuts
     D:8: 716 daAuts
 Abyss:1: 176 daAuts
    D:13: 34 daAuts
